 Dungeon Crawl Stone Soup version 0.31-a0-229-g1fc7ce93e2 (webtiles) character file.

Game seed: 3249850731069998380

102 qw the Chopper (level 4, -1/28 HPs)
             Began as a Gargoyle Fighter on July 6, 2023.
             Slain by a gnoll
             ... wielding a +0 flail
              (3 damage)
             ... on level 2 of the Dungeon.
             The game lasted 00:00:38 (866 turns).

qw the Chopper (Gargoyle Fighter)                    Turns: 866, Time: 00:00:38

Health: -1/28      AC: 16    Str: 21    XL:     4   Next: 77%
Magic:  4/4        EV:  5    Int:  9    God:
Gold:   20         SH:  4    Dex:  9    Spells: 3/3 levels left

rFire   . . .        a - +0 war axe
rCold   . . .        c - +0 buckler
rNeg    + . .        j - +0 plate armour
rPois   inf          g - +0 helmet
rElec   +            (no cloak)
rCorr   .            (no gloves)
SInv    .            (no boots)
Will    .....        (no amulet) Stlth
                     (no ring)
HPRegen 0.24/turn    (no ring)
MPRegen 0.09/turn

%: no passive effects
@: no status effects
A: sickness immunity, AC +3, negative energy resistance 1, electricity
resistance, torment resistance 1, petrification resistance
a: no special abilities


You were on level 2 of the Dungeon.
You visited 1 branch of the dungeon, and saw 2 of its levels.

You collected 81 gold pieces.
You spent 61 gold pieces at shops.


Innate Abilities, Weirdness & Mutations

You are immune to sickness and miasma.
Your stone body is resilient. (AC +3)
You are immune to poison.
You resist negative energy. (rN+)
You are resistant to electric shocks. (rElec)
You are resistant to unholy torment.
You are immune to petrification.


   Skills:
 - Level 3.2 Fighting
 + Level 4.3 Axes
 - Level 3.2 Armour
 - Level 3.2 Shields


You had 3 spell levels left.
You didn't know any spells.
Your spell library was empty.

Inventory:

Hand Weapons
 a - a +0 war axe (weapon)
 f - a +0 whip
 i - a +2 vampiric whip
Armour
 c - a +0 buckler (worn)
 g - a +0 helmet (worn)
 j - a +0 plate armour (worn)
Scrolls
 b - a scroll of revelation {unknown}
 e - 5 scrolls of identify
Potions
 d - a potion of might
 h - a potion of lignification
 k - a potion of invisibility {unknown}

Dungeon Overview and Level Annotations

Branches:
Dungeon (2/15)

Altars:

Shops:
D:1 (**(*


Message History

The jackal bites you but does no damage.
The endoplasm quivers.
You slash the jackal!
You kill the jackal!
You closely miss the jackal. You barely miss the jackal.
The jackal bites you but does no damage.
You block the jackal's attack. The jackal barely misses you.
You hit the jackal.
The jackal is severely wounded.
You closely miss the jackal. The jackal bites you.
The jackal closely misses you.
The jackal bites you but does no damage.
You hit the jackal but do no damage.
The jackal is severely wounded.
You barely miss the jackal. You slash the gnoll!
The jackal bites you but does no damage. x2
The gnoll hits you from afar with a +0 halberd!
The gnoll hits you but does no damage.
The jackal bites you but does no damage. x2
You completely miss the gnoll.
The gnoll is heavily wounded.
You hit the jackal but do no damage. x2
The jackal bites you but does no damage.
You block the jackal's attack.
The gnoll hits you from afar with a +0 halberd.
The gnoll hits you but does no damage. x2
The jackal bites you but does no damage. x2
The gnoll hits you but does no damage.
The endoplasm hits you but does no damage.
You block the gnoll's attack. The gnoll hits you with a +0 flail.
You barely miss the gnoll.
The gnoll is heavily wounded.
You hit the jackal. You barely miss the jackal.
You completely miss the endoplasm.
A bat comes into view.
The jackal barely misses you.
The jackal bites you but does no damage.
The endoplasm hits you but does no damage.
The gnoll hits you but does no damage. The gnoll hits you with a +0 flail.
You die...

.......# ......# #.....#
#.....# #....[# #.....#
# #..h%.# . #bJh@.# .#
.#..Jg.## .#
#..gg...######## #.#
#...............###..#
#..########..........##.
.. ########...... #
########.####. ##
#########........#
...#.....#...########


You could see 3 gnolls, 2 endoplasms, 2 jackals and a bat (wandering).

Vanquished Creatures
  Robin (D:2)
  3 adders (D:2)
  A gnoll (D:2)
  2 endoplasms (D:1)
  2 giant cockroaches (D:1)
  8 goblins
  10 hobgoblins
  2 jackals (D:2)
  A quokka (D:2)
  4 ball pythons
  2 bats (D:1)
  4 frilled lizards
  6 kobolds
  8 rats
54 creatures vanquished.

Notes
Turn   | Place    | Note
-------+----------+-------------------------------------------
     0 | D:1      | qw the Gargoyle Fighter began the quest for the Orb.
     0 | D:1      | Reached XP level 1. HP: 14/14 MP: 1/1
     0 | D:1      | 0 ||| qw: Version: 0.3-a-46-gb1f654a
     0 | D:1      | 0 ||| qw: Game counter: 1093
     0 | D:1      | 0 ||| qw: Melee chars always use a shield: true
     0 | D:1      | 0 ||| qw: God list: Okawaru
     0 | D:1      | 0 ||| qw: Allow faded altars: false
     0 | D:1      | 0 ||| qw: Do Orc after clearing Dungeon:15 true
     0 | D:1      | 0 ||| qw: Do second Lair branch before Depths: true
     0 | D:1      | 0 ||| qw: Lair rune preference: random
     0 | D:1      | 0 ||| qw: Goals: Normal, Zot:1-4, Slime:5, God:TSO, Crypt,
                  | Tomb, Abyss, Pan, Hells, Win
     0 | D:1      | 0 ||| PLANNING D:1-11
    17 | D:1      | Found Vuesaur's Assorted Antiques.
    22 | D:1      | Reached skill level 2 in Axes
    27 | D:1      | 27 ||| SHOPLISTING mace (75 gold, have 11).
    27 | D:1      | 27 ||| SHOPLISTING scroll labelled OLOIRIYGESS (25 gold,
                  | have 11).
    27 | D:1      | 27 ||| SHOPLISTING scroll labelled RUTIHASUSK (25 gold,
                  | have 11).
    88 | D:1      | 88 ||| Stepping ~*~*~tactically~*~*~ (stealth).
    90 | D:1      | 90 ||| Stepping ~*~*~tactically~*~*~ (stealth).
    94 | D:1      | Reached XP level 2. HP: 19/19 MP: 2/2
   127 | D:1      | 127 ||| FLEEEEING.
   128 | D:1      | 128 ||| FLEEEEING.
   129 | D:1      | 129 ||| FLEEEEING.
   130 | D:1      | 130 ||| FLEEEEING.
   134 | D:1      | 134 ||| Stepping ~*~*~tactically~*~*~ (hiding).
   136 | D:1      | 136 ||| Stepping ~*~*~tactically~*~*~ (hiding).
   330 | D:1      | Reached skill level 3 in Axes
   373 | D:1      | Reached XP level 3. HP: 20/23 MP: 3/3
   439 | D:1      | Found Ylia's General Store.
   448 | D:1      | Found Ulowi's Weapon Shoppe.
   449 | D:1      | 449 ||| BUYING potion of lignification (33 gold).
   449 | D:1      | Bought a potion of lignification for 33 gold pieces
   449 | D:1      | 449 ||| SHOPLISTING potion of magic (88 gold, have 20).
   459 | D:1      | 459 ||| SHOPLISTING +0 mace (39 gold, have 20).
   560 | D:1      | Found Timoto's General Store.
   562 | D:1      | Found Taneirgh's Weapon Boutique.
   568 | D:1      | 568 ||| SHOPLISTING potion of cancellation (112 gold, have
                  | 33).
   568 | D:1      | 568 ||| SHOPLISTING potion of curing (42 gold, have 33).
   568 | D:1      | 568 ||| SHOPLISTING potion of might (56 gold, have 33).
   568 | D:1      | 568 ||| BUYING scroll of identify (28 gold).
   568 | D:1      | Bought a scroll of identify for 28 gold pieces
   574 | D:1      | 574 ||| SHOPLISTING +0 morningstar (40 gold, have 5).
   698 | D:1      | 698 ||| UPGRADING to +0 helmet.
   703 | D:1      | 703 ||| UPGRADING to +0 plate armour.
   713 | D:1      | 713 ||| DROPPING +0 scale mail.
   729 | D:2      | Noticed Robin
   742 | D:2      | Reached XP level 4. HP: 16/28 MP: 4/4
   743 | D:2      | Killed Robin
   744 | D:2      | Reached skill level 4 in Axes
   865 | D:2      | HP: 5/28 [gnoll/+0 halberd (6)]
   865 | D:2      | HP: 2/28 [gnoll/+0 flail (3)]
   866 | D:2      | Slain by a gnoll

Levels and vault maps discovered:
D:1:      kennysheep_arrival_forest, layout_rooms, serial_shops,
          nicolae_shop_hallway_plus, shop, nicolae_shop_tiny_statue_garden,
          shop, shop
D:2:      layout_rooms, serial_shops, shop, basic_altar, minmay_3d_cube,
          uniq_robin

Skill      XL: |  1  2  3  4 |
---------------+-------------+-----
Axes           | 2 3 4 |  4.3
Fighting       | |  3.2
Armour         | |  3.2
Shields        | |  3.2

Action                     |  1- 3 |  4- 6 || total
---------------------------+-------+-------++-------
  Melee: War axe           |    75 |    22 ||    97
 Armour: Scale mail        |    25 |       ||    25
         Plate armour      |    31 |    35 ||    66
  Dodge: Dodged            |    24 |     9 ||    33
  Block: Buckler           |    19 |     8 ||    27

Table legend:
 A = Non-vault XP
 B = Vault XP
 C = Vault XP percentage of total XP
 D = Non-vault monster count
 E = Vault monster count
 F = Vault count percentage of total count
                 A         B        C        D         E       F
            +---------+---------+-------+---------+---------+-------
      Total |     110 |      36 |  24.7 |      42 |      12 |  22.2
            +---------+---------+-------+---------+---------+-------
        D:1 |      41 |       0 |   0.0 |      28 |       0 |   0.0
        D:2 |      69 |      36 |  34.3 |      14 |      12 |  46.2
            +---------+---------+-------+---------+---------+-------
